 Seeded DCSS version 0.30-a0-1066-g63dfefce0d (webtiles) character file.

Game seed: 13020561292390072626 (custom seed)

266 Pimp the Trooper (level 6, -4/45 HPs)
             Began as a Barachi Fighter on Apr 12, 2023.
             Slain by an iguana (7 damage)
             ... on level 4 of the Dungeon.
             The game lasted 00:03:35 (2441 turns).

Pimp the Trooper (Barachi Fighter)                  Turns: 2441, Time: 00:03:36

Health: -4/45      AC: 10    Str: 22    XL:     6   Next: 20%
Magic:  6/6        EV:  9    Int:  7    God:
Gold:   94         SH:  5    Dex: 14    Spells: 5/5 levels left

rFire   . . .      SeeInvis +    a - +0 long sword
rCold   x . .      Faith    .    c - +0 buckler
rNeg    . . .      Spirit   .    b - +0 scale mail
rPois   .          Reflect  .    t - +2 helmet
rElec   +          Rampage  .    (no cloak)
rCorr   .                        (no gloves)
Will    .....                    (no boots) Stlth
                                 (no amulet)
HPRegen 0.27/turn                e - ring of Fankeodgh {rElec rC- Dex+4 Slay+2 SInv}
MPRegen 0.10/turn                p - ring of wizardry

@: slow
A: amphibious, slowness 1, strong legs 1, +LOS, clumsy 1, frail 1, strong 1
a: Hop


You were on level 4 of the Dungeon.
You visited 1 branch of the dungeon, and saw 4 of its levels.

You collected 94 gold pieces.

Inventory:

Hand Weapons
 a - a +0 long sword (weapon)
Armour
 b - a +0 scale mail (worn)
 c - a +0 buckler (worn)
 t - a +2 helmet (worn)
Jewellery
 e - the ring of Fankeodgh (left hand) {rElec rC- Dex+4 Slay+2 SInv}
   (You acquired it on level 1 of the Dungeon)

   [ring of see invisible]

   Dex:       It affects your dexterity (+4).
   Slay:      It affects your accuracy & damage with ranged weapons and melee
   (+2).
   rC:        It makes you vulnerable to cold.
   rElec:     It insulates you from electricity.
   SInv:      It lets you see invisible.
 p - a ring of wizardry (right hand)
Wands
 w - a wand of mindburst (3) (quivered)
Scrolls
 f - a scroll of magic mapping {unknown}
 g - 2 scrolls of teleportation {unknown}
 h - a scroll of enchant armour {unknown}
 i - a scroll of silence {unknown}
 k - a scroll of noise {unknown}
 l - a scroll of blinking {unknown}
 m - a scroll of brand weapon {unknown}
 q - a scroll of poison {unknown}
 u - 2 scrolls of identify {unknown}
Potions
 d - 3 potions of might
 j - a potion of cancellation
 n - a potion of mutation
 o - a potion of heal wounds {unknown}
 r - a potion of magic
 s - a potion of ambrosia {unknown}
 v - a potion of brilliance {unknown}


   Skills:
 + Level 5.1 Fighting
 + Level 4.2 Long Blades
 + Level 5.1 Armour
 + Level 4.6 Shields


You had 5 spell levels left.
You didn't know any spells.
Your spell library was empty.

Dungeon Overview and Level Annotations

Branches:
Dungeon (4/15)
 Temple: D:4-7

Altars:
Ashenzari
Qazlal
Xom

Annotations:
D:3 2 transporters


Innate Abilities, Weirdness & Mutations

You are amphibious.
You cover ground slowly.
You can hop short distances.
You have an extended range of vision and can be seen from far away.
You are clumsy. (Dex -2)
You are frail. (-10% HP)
Your muscles are strong. (Str +4, Int/Dex -1)


Message History

Press: ? - help, Q - select action, (/) - cycle Shift-Dir - straight line, f/p - ogre
Aim: an ogre, wielding a +0 giant club (severely wounded, chance to affect: 64%)
The ogre's mind is blasted!
You blow up the ogre!
The adder bites you but does no damage.
Your Fighting skill increases to level 5!
Your Long Blades skill increases to level 4!
Your Armour skill increases to level 5!
You have reached level 6!
Aiming: Mindburst
Press: ? - help, Q - select action, (/) - cycle Shift-Dir - straight line, f - adder
Aim: an adder (chance to affect: 72%)
The adder's mind is blasted!
You blow up the adder!
The iguana bites you! The iguana attacks as you move away!
The iguana bites you!
The ball python bites you but does no damage.
You block the ball python's attack.
The ball python attacks as you move away!
The ball python closely misses you. The iguana attacks as you move away!
The iguana bites you! You block the ball python's attack.
The ball python grabs you. The ball python constricts you.
You escape the ball python's grasp.
The iguana bites you! The iguana attacks as you move away!
The iguana closely misses you.
You barely miss the iguana. The iguana bites you. The iguana bites you!
* * * LOW HITPOINT WARNING * * *
You closely miss the iguana. You block the iguana's attack.
You barely miss the iguana. The iguana bites you!
* * * LOW HITPOINT WARNING * * *
Unknown command.
You barely miss the iguana. You block the iguana's attack.
It was a potion of cancellation.
You feel magically purged. The iguana barely misses you.
It was a potion of mutation.
You feel extremely strange.
You feel stronger.
You feel frail.
You feel clumsy.
The iguana bites you but does no damage.
It was a potion of magic.
Magic courses through your body. The iguana bites you!
You die...

..............#
..............#
..#######.....#
..# #.....# ..#
#.....# ..#
#....l# ###
#.....#
#.....###########
#....lSl@........
##'##############
#.# #.# #.#
#.#######
#......<#
#########


You could see 2 iguanas and a ball python.

Vanquished Creatures
  An ogre (D:4)
  An orc priest (D:3)
  Natasha (thrice) (D:2)
  2 adders
  A worm (D:2)
  3 dart slugs
  5 orcs
  3 endoplasms
  A giant cockroach (D:3)
  4 goblins
  3 hobgoblins
  3 jackals (D:2)
  4 kobolds
  A quokka (D:3)
  3 ball pythons
  2 bats
  A frilled lizard (D:1)
  3 rats
44 creatures vanquished.

Notes
Turn   | Place    | Note
-------+----------+-------------------------------------------
     0 | D:1      | Pimp the Barachi Fighter began the quest for the Orb.
     0 | D:1      | Reached XP level 1. HP: 18/18 MP: 1/1
    40 | D:1      | Identified a scroll of acquirement
    44 | D:1      | Acquired the ring of Fankeodgh {rElec rC- Dex+4 Slay+2
                  | SInv}
   267 | D:1      | Reached XP level 2. HP: 16/25 MP: 2/2
   764 | D:2      | Noticed Natasha
   771 | D:2      | Killed Natasha
   772 | D:2      | Reached XP level 3. HP: 13/30 MP: 3/3
   974 | D:2      | Noticed Natasha
   996 | D:2      | Killed Natasha
   997 | D:2      | Reached XP level 4. HP: 21/38 MP: 4/4
  1015 | D:2      | Noticed Natasha
  1025 | D:2      | Killed Natasha
  1570 | D:3      | Reached XP level 5. HP: 42/43 MP: 5/5
  1656 | D:3      | Found a shimmering altar of Xom.
  1678 | D:3      | Found a transporter.
  1714 | D:3      | Found a stormy altar of Qazlal.
  1799 | D:3      | Found a transporter.
  1933 | D:3      | Found a broken altar of Ashenzari.
  2410 | D:4      | Noticed an ogre
  2417 | D:4      | Killed an ogre
  2418 | D:4      | Reached skill level 5 in Fighting
  2418 | D:4      | Reached skill level 5 in Armour
  2418 | D:4      | Reached XP level 6. HP: 50/51 MP: 6/6
  2437 | D:4      | HP: 2/51 [iguana (7)]
  2440 | D:4      | Gained mutation: Your muscles are strong. (Str +4, Int/Dex
                  | -1) [potion of mutation]
  2440 | D:4      | Gained mutation: You are frail. (-10% HP) [potion of
                  | mutation]
  2440 | D:4      | Gained mutation: You are clumsy. (Dex -2) [potion of
                  | mutation]
  2441 | D:4      | Slain by an iguana

Illustrated notes

Levels and vault maps discovered:
D:1:      lightli_arrival_lavapool, layout_basic
D:2:      layout_loops_ring, uniq_natasha
D:3:      gammafunk_steamed_eel, layout_loops_cross,
          ashenzari_conservatory_becter, mainiacjoe_overflow_brackets,
          xom_teletrap_fun, serial_bayou_crossing
D:4:      layout_basic, nicolae_wu_jian_wuxing_cycle

Skill      XL: |  1  2  3  4  5 |
---------------+----------------+-----
Fighting       | 4 5 |  5.1
Long Blades    | 3 4 |  4.2
Armour         | 4 5 |  5.1
Shields        | 4 |  4.6

Action                     |  1- 3 |  4- 6 || total
---------------------------+-------+-------++-------
  Melee: Long sword        |    45 |    92 ||   137
  Evoke: Wand              |       |     5 ||     5
    Use: Scroll            |     1 |       ||     1
         Potion            |       |     3 ||     3
 Armour: Scale mail        |    23 |    42 ||    65
  Dodge: Dodged            |    23 |    52 ||    75
  Block: Buckler           |    14 |    20 ||    34

Table legend: (Time is in decaauts)
 A = Elapsed time spent in this place.
 B = Non-inter-level travel time spent in this place.
 C = Inter-level travel time spent in this place.
 D = Time resting spent in this place.
 E = Time spent auto-exploring this place.
 F = Levels seen in this place.
 G = Mean time per level.
                   A        B        C        D        E       F      G
               +--------+--------+--------+--------+--------+-----+--------+
         Total |   2853 |   2766 |     87 |    151 |   2111 |   4 |  713.2 |
       Dungeon |   2853 |   2766 |     87 |    151 |   2111 |   4 |  713.2 |
               +--------+--------+--------+--------+--------+-----+--------+

Top non-repeatable levels by time:
     D:2: 965 daAuts
     D:3: 933 daAuts
     D:1: 865 daAuts
     D:4: 88 daAuts
